 Dungeon Crawl Stone Soup version 0.25-a0-737-g26c3a87 (webtiles) character file.

Game seed: 2172618133920155860, levelgen mode: deterministic

39 BeowulfAlex the Digger (level 3, -3/20 HPs)
             Began as a Gargoyle Earth Elementalist on Apr 13, 2020.
             Slain by an adder (4 damage)
             ... on level 2 of the Dungeon.
             The game lasted 00:01:59 (782 turns).

BeowulfAlex the Digger (Gargoyle Earth Elementalist) Turns: 782, Time: 00:01:59

Health: -3/20      AC:  8    Str: 12    XL:     3   Next: 45%
Magic:  0/6        EV: 12    Int: 15    God:
Gold:   24         SH:  0    Dex: 10    Spells: 5/6 levels left

rFire    . . .     SeeInvis .   e - +0 spear
rCold    . . .     Gourm    .   (no shield)
rNeg     + . .     Faith    .   c - +0 robe
rPois    ∞         Spirit   .   (no helmet)
rElec    +         Reflect  .   (no cloak)
rCorr    .         Harm     .   (no gloves)
MR       .....                  m - +2 pair of boots
Stlth    ++........             (no amulet)
HPRegen  0.06/turn              (no ring)
MPRegen  0.10/turn              (no ring)

@: very slightly contaminated
A: negative energy resistance 1, electricity resistance, unbreathing,
petrification resistance, rot immunity, AC +3
a: no special abilities


You were on level 2 of the Dungeon.
You were not hungry.

You visited 1 branch of the dungeon, and saw 2 of its levels.

You collected 24 gold pieces.

Inventory:

Hand Weapons
 e - a +0 spear (weapon)
Missiles
 b - 51 stones (quivered)
Armour
 c - a +0 robe (worn)
 m - a +2 pair of boots (worn)
Scrolls
 h - 3 scrolls of identify
 i - a scroll of immolation
 j - a scroll of teleportation
 k - a scroll of magic mapping {unknown}
 l - a scroll of noise {unknown}
 o - a scroll of blinking {unknown}
Potions
 a - a potion of invisibility {unknown}
 g - a potion of magic {unknown}
 n - a potion of berserk rage {unknown}
Comestibles
 d - 5 rations
 f - 3 chunks of flesh


   Skills:
 + Level 1.3 Fighting
 - Level 1.5 Dodging
 - Level 2.1 Stealth
 + Level 2.3 Spellcasting
   Level 0.7 Transmutations
 * Level 4.6 Earth Magic


You had 5 spell levels left.
You knew the following spells:

 Your Spells              Type           Power        Failure   Level  Hunger
a - Sandblast             Erth           ###...       3%          1    #......

Your spell library contained the following spells:

 Spells                   Type           Power        Failure   Level  Hunger
 Passwall                 Tmut/Erth      #.......     11%         2    ###....
 Stone Arrow              Conj/Erth      #.....       26%         3    ###....
 Petrify                  Tmut/Erth      #.......     56%         4    #####..
 Lee's Rapid Deconstruct  Erth           ###.......   65%         5    ######.


Dungeon Overview and Level Annotations

Branches:
Dungeon (2/15)

Altars:


Innate Abilities, Weirdness & Mutations

You are resistant to torment.
Your stone body is resilient. (AC +3)
You are immune to poison.
You resist negative energy. (rN+)
You are resistant to electric shocks. (rElec)
You can survive without breathing.
You are immune to petrification.
You are immune to rotting.


Message History

Press: ? - help, Shift-Dir - straight line, f/p - worm
Aim: a worm (moderately wounded)
The blast of sand hits the worm.
The worm is heavily wounded.
b - 51 stones The adder bites you but does no damage.
The adder barely misses you. The adder bites you.
* * * LOW HITPOINT WARNING * * *
As you read the scroll labeled EGICEBISHY, it crumbles to dust.
It is a scroll of identify.
i - a scroll of immolation The adder bites you.
* * * LOW HITPOINT WARNING * * *
The adder bites you but does no damage. The worm bites you.
* * * LOW HITPOINT WARNING * * *
The adder misses you.
As you read the scroll of identify, it crumbles to dust.
j - a scroll of teleportation The adder barely misses you.
The adder bites you.
You die...

#............##
...............#
.........[.....###
..................
................# .
..............?# ...
...>.......<..gS###.....
...##........wbS@w......
....#..#..##..l####.....
..............## ...
......##.#.....# .
.......w.#...#.# .#
.......l.......# #.#
....!..†.....(.## ##.#
.........[......###..##
##....................#


You could see 2 worms, 2 adders, a goblin, a bat and a frilled lizard.

Vanquished Creatures
  An adder (D:2)
  A leopard gecko (D:1)
  4 bats
  2 giant cockroaches
  6 goblins
  4 hobgoblins
  A kobold (D:1)
  2 ball pythons
  2 frilled lizards (D:1)
  A rat (D:1)
24 creatures vanquished.

Notes
Turn   | Place    | Note
-------+----------+-------------------------------------------
     0 | D:1      | BeowulfAlex the Gargoyle Earth Elementalist began the quest
                  | for the Orb.
     0 | D:1      | Reached XP level 1. HP: 10/10 MP: 3/3
   109 | D:1      | Reached XP level 2. HP: 9/16 MP: 5/5
   124 | D:1      | Reached skill level 4 in Earth Magic
   290 | D:1      | Reached skill level 1 in Fighting
   723 | D:2      | Reached XP level 3. HP: 20/20 MP: 6/6
   781 | D:2      | HP: 1/20 [worm (4)]
   782 | D:2      | Slain by an adder

Levels and vault maps discovered:
D:1:      dpeg_arrival_rooms_a, layout_basic, minivault_27
D:2:      layout_rooms, overflow_temple_1_default, first_ration

Skill      XL: |  1  2 |
---------------+-------+-----
Earth Magic    | 4 |  4.6
Fighting       | 1 |  1.3
Dodging        | |  1.5
Stealth        | |  2.1
Spellcasting   | |  2.3
Transmutations | |  0.7

Action                   || total
-------------------------++-------
Melee: Spear             ||    84
       Unarmed           ||     8
 Cast: Sandblast         ||     8
  Use: Scroll            ||     2
 Stab: Sleeping          ||     2
Armor: Robe              ||    41
Dodge: Dodged            ||    76

Table legend:
 A = Non-vault XP
 B = Vault XP
 C = Vault XP percentage of total XP
 D = Non-vault monster count
 E = Vault monster count
 F = Vault count percentage of total count
                 A         B        C        D         E       F
            +---------+---------+-------+---------+---------+-------
      Total |      56 |       0 |   0.0 |      24 |       0 |   0.0
            +---------+---------+-------+---------+---------+-------
        D:1 |      31 |       0 |   0.0 |      17 |       0 |   0.0
        D:2 |      25 |       0 |   0.0 |       7 |       0 |   0.0
            +---------+---------+-------+---------+---------+-------
